AoeStats
← cmd

Socotra

506398881Analyzed
2v2 RM · 18d ago on Sep 13, 2026· 22m 18s· 4 players
Game mode
Random Map
Map size
Tiny (2 player)
Population
200
Speed
Normal
Resources
Standard
Victory
Conquest
Starting age
Dark Age
Ending age
Imperial Age
RankedLock teamsTeams togetherTeam positionsShared explorationLock speedFull tech treeHidden civsTurbo modeCheats
Victory
Defeat
🇮🇹 Sicilians · Italy
912
+15
🇩🇪 Bulgarians · Germany
864
+17
🇩🇪 Romans · Germany
924
-17
🇩🇪 Mongols · Germany
871
-15
helo
7:00 Loom
9:37 Feudal Age
12:49 Man-at-Arms
17:59 Horse Collar
18:06 Double-Bit Axe
cmd
8:50 Loom
10:36 Feudal Age
11:59 Double-Bit Axe
20:14 Castle Age
18:44 Horse Collar
21:39 Bloodlines
21:29 Husbandry
Dankemerkel21
13:17 Feudal Age
20:37 Castle Age
enricodandoloparu
0:28 Loom
10:04 Feudal Age
11:08 Horse Collar
20:55 Scale Mail Armor
Connection lost

Rejoining the realm…

Still unreachable

The connection could not be restored.

Session expired

The server has moved on; the page needs a fresh start.